 Dungeon Crawl Stone Soup version 0.27-a0-1529-g1e82c303ef (webtiles) character file.

Game seed: 16921634744044465334

4917 Sobieck the Thaumaturge (level 10, -2/50 HPs)
             Began as a Deep Elf Fire Elementalist on July 11, 2021.
             Was a Believer of Sif Muna.
             Killed from afar by Erica (22 damage)
             ... with a bolt of poison
             ... on level 8 of the Dungeon.
             The game lasted 00:23:06 (11283 turns).

Sobieck the Thaumaturge (DEFE)                     Turns: 11283, Time: 00:23:07

Health: -2/50      AC: 11    Str:  5    XL:     10   Next: 27%
Magic:  23/27      EV: 12    Int: 30    God:    Sif Muna [**....]
Gold:   134        SH:  0    Dex: 15    Spells: 21/31 levels left

rFire    . . .     SeeInvis .   a - +5 morningstar (freeze) {mace}
rCold    . . .     Faith    .   (no shield)
rNeg     . . .     Spirit   .   G - +0 robe
rPois    .         Reflect  .   x - +2 helmet
rElec    .         Harm     .   I - +0 cloak
rCorr    .         Rampage  .   H - +2 pair of gloves
Will     +....                  g - +1 pair of boots
Stlth    +++.......             m - amulet of magic regeneration {@e2}
HPRegen  0.16/turn              s - +6 ring of intelligence
MPRegen  0.45/turn              L - ring of wizardry

@: lethally poisoned (-2 -> -21), about to teleport
A: no striking features
a: Renounce Religion, Channel Magic


You were on level 8 of the Dungeon.
You worshipped Sif Muna.
Sif Muna was pleased with you.
You visited 2 branches of the dungeon, and saw 11 of its levels.

You collected 554 gold pieces.
You spent 420 gold pieces at shops.


   Skills:
 - Level 2.4 Dodging
 - Level 6.0 Stealth
 + Level 11.3 Spellcasting
 + Level 9.2 Conjurations
 + Level 9.8 Fire Magic


You had 21 spell levels left.
You knew the following spells:

 Your Spells              Type           Power      Damage    Failure   Level
a - Foxfire               Conj/Fire      100%       2x1d9     1%          1
b - Sticky Flame          Conj/Fire      65%        2d8       1%          4
c - Fireball              Conj/Fire      32%        3d14      1%          5

Your spell library contained the following spells:

 Spells                   Type           Power      Damage    Failure   Level
 Animate Skeleton         Necr           32%        N/A       1%          1
 Apportation              Tloc           32%        N/A       1%          1
 Corona                   Hex            17%        N/A       1%          1
 Summon Small Mammal      Summ           64%        N/A       1%          1
 Static Discharge         Conj/Air       44%        N/A       1%          2
 Conjure Flame            Conj/Fire      65%        6-21      1%          3
 Inner Flame              Hex/Fire       46%        N/A       1%          3
 Call Canine Familiar     Summ           16%        N/A       4%          3
 Summon Guardian Golem    Hex/Summ       16%        N/A       4%          3
 Dispel Undead            Necr           16%        3d10      12%         4

Inventory:

Hand Weapons
 a - a +5 morningstar of freezing (weapon) {mace}
   (You took it off a wight on level 7 of the Dungeon)
 B - a +1 whip of freezing {mace}
   (You took it off Pikel on level 6 of the Dungeon)
 Z - a +1 flail of protection {mace}
   (You took it off a gnoll on level 4 of the Dungeon)
Missiles
 d - 256 stones {throwing}
 h - 14 poisoned darts {throwing}
 i - 14 atropa-tipped darts {throwing}
 u - 84 sling bullets
 w - 25 bolts
 C - 153 arrows
 Q - 10 boomerangs {throwing}
Armour
 g - a +1 pair of boots (worn)
   (You found it on level 1 of the Dungeon)
 x - a +2 helmet (worn)
   (You found it on level 4 of the Dungeon)
 G - a +0 robe (worn)
 H - a +2 pair of gloves (worn)
   (You found it on level 3 of the Dungeon)
 I - a +0 cloak (worn)
   (You found it on level 7 of the Dungeon)
Magical Staves
 f - a staff of poison {!astaff}
   (You found it on level 1 of the Dungeon)
Jewellery
 e - a ring of protection from cold
   (You found it on level 5 of the Dungeon)
 j - an amulet of guardian spirit
   (You found it on level 1 of the Dungeon)
 m - an amulet of magic regeneration (around neck) {@e2}
   (You bought it in a shop on level 5 of the Dungeon)
 s - a +6 ring of intelligence (left hand)
   (You took it off a hobgoblin on level 2 of the Dungeon)
 D - a ring of protection from cold
   (You found it on level 6 of the Dungeon)
 L - a ring of wizardry (right hand)
   (You found it on level 4 of the Dungeon)
Wands
 k - a wand of charming (13)
   (You found it on level 5 of the Dungeon)
 A - a wand of flame (40)
   (You took it off Ijyb on level 3 of the Dungeon)
Scrolls
 b - 2 scrolls of fog {unknown}
 p - a scroll of fear
 v - 5 scrolls of teleportation {@r4}
 y - a scroll of immolation {!r!r}
 z - a scroll of enchant armour
 E - a scroll of amnesia {unknown}
 F - 2 scrolls of noise {!r}
Potions
 c - a potion of heal wounds {@q2}
 l - 2 potions of brilliance
 n - 2 potions of resistance
 o - 2 potions of curing {@q1}
 q - a potion of cancellation
 r - a potion of berserk rage {!q}
 t - a potion of haste {@q3}
 J - a potion of flight

Dungeon Overview and Level Annotations

Branches:
Dungeon (10/15)            Temple (1/1) D:5            Lair (0/6) D:9
    Orc: D:9-12

Altars:
Ashenzari
Cheibriados
Elyvilon
Gozag
Hepliaklqana
Kikubaaqudgha
Makhleb
Nemelex Xobeh
Ru
Sif Muna
Trog
Vehumet
Wu Jian
Xom
Yredelemnul
Zin
The Shining One

Shops:
D:3 [   D:5 *!*(=

Annotations:
D:3 2 runed translucent doors, blackman's ghost, amateur HuWn
D:7 1 runed translucent door, exclusion: downstairs, Crazy Yiuf
D:8 Erica; Joseph

##...## ###........##
##...# ###........#..##
##..###.........###..##
##.............# ##..#
#............## ##..
#............# ##.
#.#............ ##
#.##............ #
..##@g@.........
#.###g{......... ..
#g......... ..
#g.......


gg. #......... (.g.#........ ....#........ @............ .......... You could
see Joseph, a gnoll shaman and 3 gnolls.


Message History

You conjure some foxfire!
The foxfire hits the orc warrior but does no damage. x2
You conjure some foxfire!
The foxfire hits the orc warrior.
The foxfire hits the orc warrior but does no damage. 😎 MP[-1]
You lost 1 mp, and now have 23/27 mp.
You conjure some foxfire!
The foxfire hits the orc!
You kill the orc!
Sif Muna accepts your kill.
The foxfire hits the orc warrior but does no damage. 😎 MP[-1]
You lost 1 mp, and now have 22/27 mp.
You conjure some foxfire!
The foxfire hits the orc warrior! x2
You kill the orc warrior!
Sif Muna accepts your kill.
You conjure some foxfire!
The foxfire hits something. x2; Something hits you. 😕 HP[-2] MP[-1]
You take 2 damage, and now have 48/50 hp.
You lost 1 mp, and now have 21/27 mp.
You conjure some foxfire!
The foxfire hits something. x2
Sif Muna accepts your kill.
Reactivating autopickup.
You feel a bit more experienced.
You conjure some foxfire! 😕 MP[-1]
You lost 1 mp, and now have 20/27 mp.
You conjure some foxfire!
Things that are here:
a +0 dagger {short}; a +0 robe; an orc corpse 😎 HP[+2] MP[+7]
Your hp is fully restored (50).
Your mp is fully restored (27).
Q - 10 boomerangs {throwing} (gained 5)
Items here: )) [ ††.
You now have 134 gold pieces (gained 16).
Erica shouts!
Erica mumbles some strange words.
Erica flickers and vanishes!
Deactivating autopickup; reactivate with Ctrl-A.
There are monsters nearby!
You conjure some foxfire!
The gnoll shaman shouts!
The gnoll shouts!
A gnoll comes into view. It is wielding a +0 club. 😎 MP[-1]
You lost 1 mp, and now have 26/27 mp.
You conjure some foxfire!
The foxfire hits the gnoll.
The foxfire hits the gnoll shaman.
You conjure some foxfire!
Joseph shouts!
The foxfire hits something. 😎 MP[-1]
You lost 1 mp, and now have 25/27 mp.
You conjure some foxfire!
The foxfire hits something. x2
You conjure some foxfire!
The foxfire hits the gnoll.
The foxfire hits something.
The foxfire hits something! 😎 MP[-1]
You lost 1 mp, and now have 24/27 mp.
You conjure some foxfire!
The foxfire hits something.
The foxfire hits something!
The foxfire hits the gnoll shaman but does no damage.
Joseph sighs, "Being a guard is usually so boring..."
The foxfire hits something.
You conjure some foxfire! 😎 MP[-1]
You lost 1 mp, and now have 23/27 mp.
You conjure some foxfire!
The foxfire hits something. x2
The gnoll shaman calls upon its god to heal the gnoll.
The gnoll's wounds heal themselves!
You hear some strange, mumbled words.
A bolt of poison appears from out of thin air!
The bolt of poison hits you!!
You are poisoned. 😮 HP[-24]
You take 24 damage, and now have 26/50 hp.
MASSIVE DAMAGE!! (PAUSE)
Casting: Foxfire (safe; 1% risk of failure)
Confirm with . or Enter, or press ? or * to list all spells.
Okay, then.
As you read the scroll of teleportation {@r4}, it crumbles to dust.
You feel strangely unstable.
You feel very sick.
The foxfire hits the gnoll.
The gnoll closely misses you.
The gnoll shaman hits you with a +0 club.
* * * LOW HITPOINT WARNING * * *
Something hits you.
* * * LOW HITPOINT WARNING * * *
Something burns you.
* * * LOW HITPOINT WARNING * * *
😨 HP[-13]
You take 13 damage, and now have 13/50 hp.
MASSIVE DAMAGE!! (PAUSE)
You feel better.
Joseph shouts, "At last, some action!"
The gnoll barely misses you.
The gnoll shaman invokes the aid of its god against you.
You easily resist.
You hear some strange, mumbled words.
A bolt of poison appears from out of thin air!
The bolt of poison hits you!!
You are poisoned.
You die...

Skill      XL: |  1  2  3  4  5  6  7  8  9 10 |
---------------+-------------------------------+-----
Stealth        | 3 4 5 6 |  6.0
Conjurations   | 2 3 4 5 6 8 9 |  9.2
Spellcasting   | 4 5 6 8 10 11 | 11.3
Fire Magic     | 4 5 6 7 9 |  9.8
Dodging        | |  2.4

Action                   |  1- 3 |  4- 6 |  7- 9 | 10-12 || total
-------------------------+-------+-------+-------+-------++-------
Melee: Unarmed           |     1 |       |       |       ||     1
       Flail             |       |       |    13 |       ||    13
 Cast: Foxfire           |    98 |   129 |   277 |   131 ||   635
       Sticky Flame      |       |     1 |    13 |     2 ||    16
       Fireball          |       |       |     8 |     1 ||     9
  Use: Scroll            |       |       |    12 |     4 ||    16
       Potion            |       |       |     2 |     1 ||     3
Armor: Robe              |     7 |    15 |    46 |     1 ||    69
Dodge: Dodged            |    23 |    18 |    68 |    10 ||   119

Levels and vault maps discovered:
D:1:      amcnicky_arrival_flooded_fountain, layout_loops_ring,
          dreamdust_ecumenical_altar_angels_and_demons, minivault_4
D:2:      layout_loops_corners
D:3:      layout_loops_ring, serial_shops, shop, ebering_ghost_disaster_area,
          chequers_serial_rivers_room_a, minmay_randomly_rotated_circles,
          uniq_ijyb
D:4:      layout_gridville, kennysheep_mini_moat
D:5:      minmay_recursive_quarters, layout_basic, fiery_altar_vehumet,
          minmay_temple_entry_junction, serial_shops, shop_coins,
          kennysheep_mini, nicolae_diamond_shop, nicolae_lakefront_shop,
          nicolae_shop_waterfront
D:6:      layout_rooms, kennysheep_potato, uniq_blork_the_orc, uniq_pikel,
          uniq_prince_ribbit1, uniq_duvessa
D:7:      layout_loops_ring, uniq_crazy_yiuf_cottage
D:8:      layout_cave_pods, minmay_tree_intersection, uniq_joseph, uniq_erica
D:9:      layout_big_octagon, lair_entry_dummy, grunt_ministairs_13,
          amethyst_killhole, minmay_pinched_square
D:10:     layout_basic, grunt_temple_overflow_forces_of_nature, minitemple,
          uniq_gastronok, uniq_maurice
Temple:   regret_index_temple_waves

Notes
Turn   | Place    | Note
-------+----------+-------------------------------------------
     0 | D:1      | Sobieck the Deep Elf Fire Elementalist began the quest for
                  | the Orb.
     0 | D:1      | Reached XP level 1. HP: 10/10 MP: 6/6
     0 | D:1      | magus.rc [v1.9.6]
   230 | D:1      | Reached XP level 2. HP: 15/15 MP: 4/8
   402 | D:1      | Reached skill level 3 in Stealth
   798 | D:1      | Reached XP level 3. HP: 19/19 MP: 6/10
   947 | D:1      | You pick up a book of Callings and begin reading...
   947 | D:1      | You add the spells Summon Small Mammal, Call Canine
                  | Familiar and Summon Guardian Golem to your library.
   974 | D:1      | Found a faded altar of an unknown god.
  1582 | D:2      | Reached skill level 2 in Conjurations
  2129 | D:2      | Reached skill level 4 in Spellcasting
  2283 | D:2      | Reached skill level 4 in Fire Magic
  2412 | D:3      | Reached XP level 4. HP: 24/24 MP: 9/12
  2437 | D:3      | You pick up a book of Touch and begin reading...
  2437 | D:3      | You add the spells Static Discharge and Dispel Undead to
                  | your library.
  2443 | D:3      | Learned a level 4 spell: Sticky Flame
  2617 | D:3      | Found a large runed translucent door.
  2618 | D:3      | Found a large runed translucent door.
  2628 | D:3      | Noticed blackman's ghost (amateur HuWn)
  2740 | D:3      | Noticed Ijyb
  2753 | D:3      | Killed Ijyb
  3089 | D:3      | Reached XP level 5. HP: 28/28 MP: 5/13
  3323 | D:3      | Found Paar Piley's Armour Boutique.
  3741 | D:4      | Noticed an ogre
  3750 | D:4      | Killed an ogre
  3751 | D:4      | Reached skill level 4 in Stealth
  3751 | D:4      | Reached skill level 3 in Conjurations
  3850 | D:4      | Reached skill level 5 in Spellcasting
  3964 | D:4      | Reached XP level 6. HP: 32/32 MP: 10/15
  4090 | D:5      | Entered Level 5 of the Dungeon
  4123 | D:5      | Noticed a sky beast
  4128 | D:5      | Killed a sky beast
  4171 | D:5      | Found Teisy's Weapon Shoppe.
  4307 | D:4      | Reached skill level 5 in Fire Magic
  4323 | D:4      | Reached skill level 5 in Stealth
  4480 | D:4      | Reached skill level 4 in Conjurations
  4480 | D:4      | Reached XP level 7. HP: 31/36 MP: 11/17
  4716 | D:4      | Found a white marble altar of Elyvilon.
  4954 | D:5      | Reached skill level 6 in Spellcasting
  5088 | D:5      | Found Qyedel's General Store.
  5204 | D:5      | Reached skill level 6 in Stealth
  5333 | D:5      | Reached skill level 5 in Conjurations
  5333 | D:5      | Reached skill level 6 in Fire Magic
  5489 | D:5      | Reached XP level 8. HP: 41/41 MP: 14/20
  5549 | D:5      | Reached skill level 7 in Spellcasting
  5556 | D:5      | HP: 6/41 [centaur (6)]
  5569 | D:5      | HP: 8/41 [howler monkey zombie (3)]
  5901 | D:5      | Found Xuetaemymp's Distillery.
  5906 | D:5      | Found a radiant altar of Vehumet.
  6185 | D:5      | Found a staircase to the Ecumenical Temple.
  6200 | D:5      | Learned a level 5 spell: Fireball
  6209 | Temple   | Entered the Ecumenical Temple
  6305 | Temple   | Became a worshipper of Sif Muna the Loreminder
  6428 | D:5      | Found Hitawnuo's Jewellery Boutique.
  6664 | D:5      | Reached skill level 6 in Conjurations
  6792 | D:5      | Found Lyqoc's General Store.
  6796 | D:5      | Reached skill level 8 in Spellcasting
  6800 | D:5      | Reached skill level 7 in Fire Magic
  6994 | D:6      | Noticed Blork the orc
  7008 | D:6      | Killed Blork the orc
  7293 | D:6      | Noticed Dowan
  7300 | D:6      | Noticed Duvessa
  7361 | D:6      | Killed Dowan
  7492 | D:8      | Noticed Joseph
  7492 | D:8      | Noticed Erica
  7616 | D:6      | Reached XP level 9. HP: 45/45 MP: 16/23
  7661 | D:6      | Reached skill level 9 in Spellcasting
  7661 | D:6      | Reached skill level 7 in Conjurations
  7737 | D:6      | Noticed Pikel
  7744 | D:6      | Killed Pikel
  7745 | D:6      | Reached skill level 8 in Fire Magic
  8048 | D:6      | You pick up a book of Cantrips and begin reading...
  8048 | D:6      | You add the spells Corona, Animate Skeleton and Apportation
                  | to your library.
  8124 | D:6      | Reached skill level 10 in Spellcasting
  8206 | D:6      | Killed Duvessa
  8207 | D:6      | Reached skill level 8 in Conjurations
  8222 | D:6      | Reached * piety under Sif Muna
  8410 | D:6      | Noticed Prince Ribbit
  8415 | D:6      | Killed Prince Ribbit
  8416 | D:6      | Reached skill level 9 in Fire Magic
  9135 | D:7      | HP: 10/45 [centaur/arrow (6)]
  9138 | D:7      | HP: 4/45 [centaur (1)]
  9422 | D:7      | Reached XP level 10. HP: 50/50 MP: 19/26
  9826 | D:7      | Reached skill level 11 in Spellcasting
  9830 | D:7      | Reached skill level 9 in Conjurations
 10070 | D:5      | Bought an amulet of magic regeneration for 420 gold pieces
 10189 | D:7      | Found a runed translucent door.
 10190 | D:7      | Noticed Crazy Yiuf
 10641 | D:8      | Reached ** piety under Sif Muna
 10751 | D:9      | Found a staircase to the Lair.
 10761 | D:10     | Entered Level 10 of the Dungeon
 11283 | D:8      | Killed from afar by Erica

Vanquished Creatures
  Pikel (D:6)
  Prince Ribbit (D:6)
  An acid dragon (D:9)
  2 water moccasins
  Duvessa (D:6)
  3 ice beasts
  2 black bears
  2 orc warriors
  2 sky beasts
  3 ogres
  3 centaurs
  A lemure (D:6)
  A kobold brigand (D:9)
  Blork the orc (D:6)
  3 bullfrogs (D:8)
  2 scorpions
  2 water moccasin zombies
  Dowan (D:6)
  2 howler monkeys
  19 wights
  A bullfrog zombie (D:6)
  2 centaur zombies (D:5)
  A jelly (D:6)
  3 bullfrog skeletons (D:5)
  2 orc priests
  2 centaur skeletons
  5 hounds
  Ijyb (D:3)
  A gnoll shaman (D:6)
  2 scorpion zombies (D:5)
  3 orc wizards
  4 iguanas
  A hound skeleton (D:5)
  A howler monkey zombie (D:5)
  7 adders
  8 gnolls
  A shadow imp (D:6)
  A white imp (D:5)
  An adder skeleton (D:5)
  5 worms
  2 dart slugs
  16 orcs
  A ball python (D:3)
  11 endoplasms
  3 giant cockroaches
  4 goblins
  8 hobgoblins
  12 jackals
  9 kobolds
  4 quokkas
  4 bats
  6 frilled lizards
  A jackal skeleton (D:4)
  9 rats
195 creatures vanquished.

Vanquished Creatures (others)
  1057 foxfires
1057 creatures vanquished.

Grand Total: 1252 creatures vanquished

Table legend:
 A = Non-vault XP
 B = Vault XP
 C = Vault XP percentage of total XP
 D = Non-vault monster count
 E = Vault monster count
 F = Vault count percentage of total count
                 A         B        C        D         E       F
            +---------+---------+-------+---------+---------+-------
      Total |    5067 |    1958 |  27.9 |     167 |      27 |  13.9
            +---------+---------+-------+---------+---------+-------
        D:1 |      48 |       0 |   0.0 |      26 |       0 |   0.0
        D:2 |      48 |       0 |   0.0 |      18 |       0 |   0.0
        D:3 |      52 |      53 |  50.5 |      16 |       7 |  30.4
        D:4 |     481 |       0 |   0.0 |      23 |       0 |   0.0
        D:5 |     745 |     598 |  44.5 |      17 |      13 |  43.3
        D:6 |    1523 |    1307 |  46.2 |      26 |       7 |  21.2
        D:7 |    1257 |       0 |   0.0 |      22 |       0 |   0.0
        D:8 |     502 |       0 |   0.0 |      12 |       0 |   0.0
        D:9 |     411 |       0 |   0.0 |       7 |       0 |   0.0
            +---------+---------+-------+---------+---------+-------

Illustrated notes

Table legend:
 A = Kills in this place as a percentage of kills in entire the game.
 B = Kills by you in this place as a percentage of kills by you in the entire game.
 C = Kills by friends in this place as a percentage of kills by friends in the entire game.
 D = Other kills in this place as a percentage of other kills in the entire game.
 E = Experience gained in this place as a percentage of experience gained in the entire game.
 F = Experience gained in this place divided by the number of levels of this place that you have seen.
                   A       B       C       D       E      F
               +-------+-------+-------+-------+-------+----------------------
         Total | 100.0 | 100.0 |   N/A |   N/A | 100.0 | 638.6
       Dungeon | 100.0 | 100.0 |   N/A |   N/A | 100.0 | 702.5
               +-------+-------+-------+-------+-------+----------------------

Table legend: (Time is in decaauts)
 A = Elapsed time spent in this place.
 B = Non-inter-level travel time spent in this place.
 C = Inter-level travel time spent in this place.
 D = Time resting spent in this place.
 E = Time spent auto-exploring this place.
 F = Levels seen in this place.
 G = Mean time per level.
                   A        B        C        D        E       F      G
               +--------+--------+--------+--------+--------+-----+--------+
         Total |  11310 |  10741 |    569 |   1922 |   7152 |  11 | 1028.2 |
       Dungeon |  11124 |  10583 |    541 |   1922 |   7003 |  10 | 1112.4 |
        Temple |    185 |    157 |     28 |      0 |    149 |   1 |  185.0 |
               +--------+--------+--------+--------+--------+-----+--------+

Top non-repeatable levels by time:
     D:5: 2128 daAuts
     D:6: 1763 daAuts
     D:7: 1607 daAuts
     D:1: 1296 daAuts
     D:3: 1226 daAuts
     D:4: 1167 daAuts
     D:2: 1084 daAuts
     D:8: 632 daAuts
     D:9: 215 daAuts
  Temple: 185 daAuts
    D:10: 4 daAuts
